 Dungeon Crawl Stone Soup version 0.29.0-13-gc9e81de378 (webtiles) character file.

Game seed: 17044261716503624880

28 mdonais the Shield-Bearer (level 3, 0/33 HPs)
             Began as a Meteoran Fighter on Sept 10, 2022.
             Succumbed to an adder's poison
             ... on level 2 of the Dungeon.
             The game lasted 00:02:06 (309 turns).

mdonais the Shield-Bearer (Meteoran Fighter)         Turns: 309, Time: 00:02:06

Health: 0/33       AC:  7    Str: 19    XL:     3   Next: 47%
Magic:  4/4        EV:  9    Int: 10    God:
Gold:   30         SH:  5    Dex: 13    Spells: 2/2 levels left

rFire   . . .      SeeInvis +   a - +0 war axe
rCold   . . .      Faith    .   c - +0 buckler
rNeg    . . .      Spirit   .   b - +0 scale mail
rPois   .          Reflect  .   (no helmet)
rElec   .          Harm     .   (no cloak)
rCorr   .          Rampage  .   (no gloves)
Will    .....                   (no boots)
Stlth   ..........              (no amulet)
HPRegen 0.11/turn               s - ring of see invisible
MPRegen 0.09/turn               (no ring)

@: mighty, lethally poisoned (0 -> -5), attractive, glowing
A: sense surroundings 1, otherworldly, glowing, explore regen
a: no special abilities


You were on level 2 of the Dungeon.
You visited 1 branch of the dungeon, and saw 2 of its levels.

You collected 30 gold pieces.

Inventory:

Hand Weapons
 a - a +0 war axe (weapon)
Missiles
 g - 2 poisoned darts (quivered)
Armour
 b - a +0 scale mail (worn)
 c - a +0 buckler (worn)
Magical Staves
 h - a staff of air
   (You found it on level 1 of the Dungeon)
Jewellery
 s - a ring of see invisible (left hand)
   (You found it on level 2 of the Dungeon)
Scrolls
 f - 2 scrolls of teleportation {unknown}
 i - 2 scrolls of enchant weapon {unknown}


   Skills:
 + Level 3.6 Fighting
 + Level 3.0 Axes
 + Level 4.0 Armour
 - Level 4.0 Shields


You had 2 spell levels left.
You didn't know any spells.
Your spell library contained the following spells:

 Spells                   Type           Power      Damage    Failure   Level
 Static Discharge         Conj/Air       0%         3-3/arc   91%         2
 Lightning Bolt           Conj/Air       0%         1d11      100%        5
 Maxwell's Capacitive Co  Air            0%         ∞         100%        8


Dungeon Overview and Level Annotations

Branches:
Dungeon (2/15) Zot: 876

Altars:


Innate Abilities, Weirdness & Mutations

You passively map a small area around you.
You are easily found by Zot.
You glow in the dark.
You regain HP and MP as you explore.


Message History

You open the door.
There is an open door here.
A rat comes into view.
You closely miss the rat. The rat closely misses you.
You hit the rat.
You kill the rat!
No target in view!
Found a scroll labelled AGRAOPOKUA.
i - a scroll labelled AGRAOPOKUA A bat comes into view.
Found a moonstone ring.
The bat hits you. The bat barely misses you.
You take 1 damage, and have 25/26 hp.
You block the bat's attack.
Health restored: 26
Found a stone.
You block the bat's attack. x2
You hit the bat.
You kill the bat!
No target in view!
s - a ring of see invisible
s - a ring of see invisible (left hand)
An endoplasm and an adder come into view.
The endoplasm quivers.
The adder hisses angrily.
The adder bites you. x2
You are poisoned.
The adder poisons you!
You take 3 damage, and have 23/26 hp.
You hit the adder.
The adder is lightly wounded.
You feel sick. The adder bites you but does no damage. The adder bites you.
You are more poisoned.
The adder poisons you!
You take 3 damage, and have 20/26 hp.
You closely miss the adder.
The adder is lightly wounded.
You feel very sick. You block the adder's attack.
You take 3 damage, and have 17/26 hp.
You hit the adder.
The adder is severely wounded.
You hit the endoplasm.
You feel sick. The adder barely misses you. The endoplasm freezes you.
You are frozen.
The adder barely misses you. The endoplasm freezes you.
You are frozen.
You take 6 damage, and have 11/26 hp.
MASSIVE DAMAGE!!
You miss the adder.
The adder is severely wounded.
You hit the endoplasm but do no damage.
You feel sick. The adder bites you but does no damage.
The endoplasm hits you but does no damage.
You block the adder's attack.
You take 2 damage, and have 9/26 hp.
You hit the adder.
You kill the adder!
You hit the endoplasm.
You kill the endoplasm!
You feel sick.
You have reached level 3!
Your experience leads to an increase in your attributes!
Increase (S)trength, (I)ntelligence, or (D)exterity?
You feel stronger. x2; You feel clever.
MP restored: 4 You feel sick.
You feel sick.
You are no longer poisoned.
You take 1 damage, and have 8/31 hp.
A rat comes into view.
The rat bites you.
You closely miss the rat. The rat bites you but does no damage.
The rat completely misses you.
You closely miss the rat. The rat bites you but does no damage.
You hit the rat.
The rat is moderately wounded.
The rat bites you but does no damage. x2
You hit the rat.
You kill the rat!
You see here a rat corpse.
You regained 2 hp, and now have 12/31 hp.
You regained 2 hp, and now have 14/31 hp.
Found a scroll labelled AGRAOPOKUA.
i - 2 scrolls labelled AGRAOPOKUA (gained 1) As you open the door, it creaks loudly!
A quokka and 2 adders come into view.
The adder hisses angrily. x2
Found a scroll labelled DOATUDW MYREIX.
You regained 2 hp, and now have 20/31 hp.
The adder closely misses you. You block the adder's attack.
There is an open door here.
You regained 2 hp, and now have 22/31 hp.
The adder attacks as you move away! The adder closely misses you.
You hit the adder.
The adder is lightly wounded.
The adder bites you. The adder barely misses you.
You take 1 damage, and have 21/31 hp.
You slash the adder!
The adder is almost dead.
The adder bites you but does no damage. The adder bites you.
You take 3 damage, and have 18/31 hp.
You miss the adder.
The adder is almost dead.
The adder closely misses you. The adder bites you but does no damage.
You slash the adder!
You kill the adder!
The adder bites you but does no damage.
Training target 4.0 for Shields reached!
Your Axes skill increases to level 3!
Your Armour skill increases to level 4!
Your Shields skill increases to level 4!
You regained 2 hp, and now have 20/33 hp.
You closely miss the adder. The adder bites you but does no damage.
The adder bites you.
You take 1 damage, and have 19/33 hp.
You miss the adder. The adder bites you but does no damage.
You miss the adder. The adder bites you but does no damage.
The adder bites you.
You are poisoned.
The adder poisons you!
You take 1 damage, and have 18/33 hp.
You closely miss the adder.
You feel sick. The adder bites you.
You are more poisoned.
The adder poisons you! The adder closely misses you.
You take 4 damage, and have 14/33 hp.
You completely miss the adder.
You feel very sick. The adder bites you.
You are lethally poisoned!
The adder poisons you!
You take 3 damage, and have 11/33 hp.
You hit the adder.
The adder is moderately wounded.
* * * LOW HITPOINT WARNING * * *
You feel very sick. The adder bites you.
* * * LOW HITPOINT WARNING * * *
The adder barely misses you.
You take 5 damage, and have 6/33 hp.
It was a potion of attraction.
You feel attractive to monsters.
* * * LOW HITPOINT WARNING * * *
You feel sick.
The adder bites you but does no damage. x2
You take 2 damage, and have 4/33 hp.
You feel very mighty all of a sudden.
* * * LOW HITPOINT WARNING * * *
You feel sick. The adder bites you.
* * * LOW HITPOINT WARNING * * *
You take 3 damage, and have 1/33 hp.
You barely miss the adder.
The adder is lightly wounded.
You die...

, ##.......## #.#....>#
.##.........###......†##
.'.........+...........
#.........###.....####
#.......# #.....# *
#....?# ####.## *#.r.#
#.# #S# #.# ,* #@# #.# *
** #.# #######.# ##.##
#.......#
##...###.#######
#.....##†# #####...###.#
, .............#
.#############


You could see an adder and a quokka.

Vanquished Creatures
  2 adders (D:2)
  A ball python (D:1)
  A bat (D:2)
  2 endoplasms
  A hobgoblin (D:1)
  2 frilled lizards (D:1)
  2 rats (D:2)
11 creatures vanquished.

Notes
Turn   | Place    | Note
-------+----------+-------------------------------------------
     0 | D:1      | mdonais the Meteoran Fighter began the quest for the Orb.
     0 | D:1      | Reached XP level 1. HP: 19/19 MP: 2/2
   129 | D:1      | Reached XP level 2. HP: 23/26 MP: 3/3
   262 | D:2      | Reached XP level 3. HP: 9/31 MP: 4/4
   308 | D:2      | HP: 1/33 [adder (1)]
   309 | D:2      | Succumbed to an adder's poison

Illustrated notes

Levels and vault maps discovered:
D:1:      minmay_arrival_cross, layout_loops_ring,
          ebering_ecumenical_altar_abandoned, nicolae_eternal_life
D:2:      layout_loops_corners

Skill      XL: |  1  2  3 |
---------------+----------+-----
Axes           | 3 |  3.0
Armour         | 4 |  4.0
Shields        | 4 |  4.0
Fighting       | |  3.6

Action                   || total
-------------------------++-------
Melee: War axe           ||    40
  Use: Potion            ||     2
Armor: Scale mail        ||    22
Dodge: Dodged            ||    17
Block: Buckler           ||     9
